 Dungeon Crawl Stone Soup version 0.17-a0-1430-g49fde19 (webtiles) character file.

91 pulse the Shield-Bearer (level 4, 37/37 HPs)
             Began as a Formicid Fighter on June 25, 2015.
             Quit the game on level 3 of the Dungeon.
             The game lasted 00:07:16 (1412 turns).

pulse the Shield-Bearer (Formicid Fighter)          Turns: 1412, Time: 00:07:16

Health: 37/37      AC:  9    Str: 21    XL:     4   Next: 87%
Magic:  4/4        EV:  6    Int:  8    God:
Gold:   224        SH:  9    Dex: 10    Spells: 0 memorised, 3 levels left

rFire  . . .     SeeInvis +     a - +1 war axe
rCold  . . .     Clarity  .     p - +0 chain mail
rNeg   . . .     SustAt   .     l - +0 shield
rPois  .         Gourm    .     (helmet unavailable)
rElec  .         Spirit   .     (no cloak)
rCorr  .         Warding  .     (no gloves)
rMut   .         Stasis   +     (no boots)
MR     .....                    b - amulet of inaccuracy (curse)
Stlth  ..........               (no ring)
                                f - ring of flight

@: not resistant to hostile enchantments, extremely unstealthy
A: permanent stasis, dig shafts and tunnels, four strong arms, antennae 3
a: Dig, Shaft Self, Evoke Flight


You were on level 3 of the Dungeon.
You were hungry.

You visited 1 branch of the dungeon, and saw 3 of its levels.

You collected 224 gold pieces.

Inventory:

Hand weapons
 a - a +1 war axe (weapon)
Armour
 l - a +0 shield (worn)
 p - a +0 chain mail (worn)
Jewellery
 b - a cursed amulet of inaccuracy (around neck)
 f - a ring of flight (left hand)
Potions
 d - a potion of might
 k - a potion of invisibility {unknown}
 m - a potion of poison {unknown}
 o - 3 potions of curing
Comestibles
 e - 2 bread rations
 j - a slice of pizza


   Skills:
 + Level 4.0 Fighting
 * Level 2.3 Axes
 + Level 4.0 Armour
 + Level 0.6 Dodging
 + Level 0.3 Stealth
 + Level 4.6 Shields


You had 3 spell levels left.
You didn't know any spells.

Dungeon Overview and Level Annotations

Branches:
Dungeon (3/15)

Altars:
Cheibriados


Innate Abilities, Weirdness & Mutations

You are under a permanent stasis effect.
You can dig through walls and to a lower floor.
Your four strong arms can wield two-handed weapons with a shield.
You have a pair of large antennae on your head (SInv).


Message History

No target in view!
You start resting.
You are feeling hungry.
Unknown command.
No target in view!
No target in view!
No target in view!
Unknown command.
Things that are here:
a club; a goblin corpse
Found a stone staircase leading down.
Found 8 stones.
Found a stone staircase leading down.
You now have 224 gold pieces (gained 16).
HP restored.
Found a hunting sling.
Found a stone staircase leading up.
b - a runed fluorescent amulet Oops, that amulet feels deathly cold.
b - a cursed amulet of inaccuracy (around neck) Are you sure you want to abandon this character and quit the game? (Confirm with "yes".)

.... .. ...#...# ....
#.## ###......#### ....
#..###.....>...... ....
#.##..#.#.(....## ....
###....##......#...
######...#.####.........
.......###.......>..#...
........)......#.####...
..##.......####.@....<..
.....#####.......#####..
..#### ###.....# ..#
......... #.......
###.....# ##......
####### ...... ######


There were no monsters in sight!

Vanquished Creatures
  Robin (D:3)
  2 adders
  A worm (D:2)
  2 giant geckos
  15 goblins
  8 hobgoblins
  6 kobolds
  2 quokkas
  8 bats
  6 giant cockroaches
  3 giant newts
  2 rats
  A fungus (D:1)
57 creatures vanquished.

Notes
Turn   | Place    | Note
--------------------------------------------------------------
     0 | D:1      | pulse the Formicid Fighter began the quest for the Orb.
     0 | D:1      | Reached XP level 1. HP: 18/18 MP: 1/1
   198 | D:1      | Reached XP level 2. HP: 24/24 MP: 2/2
   672 | D:1      | Reached skill level 4 in Shields
   764 | D:1      | Reached XP level 3. HP: 29/29 MP: 3/3
   835 | D:2      | Found a snail-covered altar of Cheibriados.
  1171 | D:2      | You fall through a shaft!
  1175 | D:3      | Noticed Robin
  1182 | D:3      | Reached XP level 4. HP: 22/37 MP: 4/4
  1231 | D:3      | Killed Robin
  1239 | D:3      | Got a dazzling helmet
  1240 | D:3      | Identified the +2 helmet of a volcano {+Fly rElec} (You took it off Robin on level 3 of the Dungeon)
  1412 | D:3      | Quit the game

Vault maps used:
D:1:      matt_arrival_diagonals, minmay_gold_behind_fungi
D:2:      cheibriados_altar_1, lemuel_round_altar, minmay_liquid_box
D:3:      first_bread, uniq_robin, uniq_sigmund

Action                   |  1- 3 |  4- 6 || total
-------------------------+-------+-------++-------
Melee: War axe           |   130 |    40 ||   170
  Use: Scroll            |       |     5 ||     5
       Potion            |       |     1 ||     1
  Eat: Beef jerky        |       |     1 ||     1
